 Dungeon Crawl Stone Soup version 0.16.2-12-gd0ad4c3 (webtiles) character file.

106243 faibistes the Eclecticist (level 15, -8/85 HPs)
             Began as a Deep Elf Wizard on Jan 2, 2019.
             Was the Champion of Sif Muna.
             Mangled by a deep elf blademaster
             ... wielding a +0 short sword
              (22 damage)
             ... on level 2 of the Elven Halls.
             The game lasted 02:36:28 (42385 turns).

faibistes the Eclecticist (Deep Elf Wizard)        Turns: 42385, Time: 02:36:31

Health: -8/85      AC:  9    Str:  4    XL:     15   Next: 97%
Magic:  12/48      EV: 19    Int: 35    God:    Sif Muna [******]
Gold:   1134       SH:  0    Dex: 17    Spells: 11 memorised, 0 levels left

rFire  + . .     SeeInvis .     i - +8 trident "Edwus" {venom, Contam +Fly rPois rF+ MR+ Stlth+}
rCold  + . .     Clarity  .     B - +2 robe {rF+}
rNeg   . . .     SustAb   .     (no shield)
rPois  +         Gourm    +     b - +0 hat
rElec  .         Spirit   .     e - +2 cloak
rCorr  .         Warding  .     g - +0 pair of gloves
rMut   .         Stasis   .     q - +0 pair of boots
MR     +++..                    J - amulet of the gourmand
Stlth  +++.......               L - ring "Stexiah" {Ice MR+ MP+9 Dex+4}
                                E - +5 ring of intelligence (curse)

@: extremely resistant to hostile enchantments, fairly stealthy
A: no striking features
a: Channel Energy, Forget Spell, Renounce Religion, Evoke Flight


You were on level 2 of the Elven Halls.
You worshipped Sif Muna.
Sif Muna was exalted by your worship.
You were not hungry.

You visited 5 branches of the dungeon, and saw 26 of its levels.

You collected 2454 gold pieces.
You spent 1320 gold pieces at shops.

Inventory:

Hand weapons
 i - the +8 trident "Edwus" (weapon) {venom, Contam +Fly rPois rF+ MR+ Stlth+}
   (You found it on level 2 of the Lair of Beasts)

   It poisons the flesh of those it strikes.
   It protects you from fire.
   It protects you from poison.
   It affects your resistance to hostile enchantments.
   It lets you fly.
   It causes magical contamination when unequipped.
   It makes you more stealthy.
 w - a +5 dagger of electrocution
Armour
 b - a +0 hat (worn)
 e - a +2 cloak (worn)
 g - a +0 pair of gloves (worn)
 q - a +0 pair of boots (worn)
 B - a +2 robe of fire resistance (worn)
Jewellery
 c - an uncursed amulet of regeneration
 m - an uncursed ring of see invisible
 t - an uncursed ring of protection from fire
 z - an uncursed amulet of warding
 E - a cursed +5 ring of intelligence (left hand)
 F - an uncursed amulet of resist corrosion
 J - an amulet of the gourmand (around neck)
 L - the ring "Stexiah" (right hand) {Ice MR+ MP+9 Dex+4}
   (You found it on level 8 of the Lair of Beasts)

   [ring of ice]

   It enhances your ice magic, and weakens your fire magic.
   It affects your dexterity (+4).
   It makes you vulnerable to fire.
   It protects you from cold.
   It affects your resistance to hostile enchantments.
   It affects your magic capacity (+9).
Magical devices
 a - a wand of fire (0)
 j - a wand of disintegration (17)
 k - a wand of fire (6)
 n - a wand of paralysis (12)
 y - a wand of fire (4)
 C - a wand of lightning (5)
 D - a wand of heal wounds (4)
 H - a wand of confusion (15)
 I - a wand of teleportation (1)
 Q - a wand of cold (7)
 Y - a wand of digging (17)
Scrolls
 f - 3 scrolls of teleportation
 G - 2 scrolls of fear
 K - 2 scrolls of fog
 O - 2 scrolls of blinking
 T - 6 scrolls of remove curse
 V - a scroll of magic mapping
 Z - a scroll of recharging
Potions
 l - 3 potions of flight
 o - 2 potions of haste
 p - a potion of resistance
 r - 2 potions of lignification
 s - 3 potions of curing
 v - 4 potions of brilliance
 x - 4 potions of heal wounds
 A - 5 potions of cancellation
 M - 3 potions of cure mutation {unknown}
 R - a potion of invisibility
 S - 2 potions of magic {unknown}
 U - 2 potions of restore abilities {unknown}
 W - 3 potions of ambrosia {unknown}
Books
 N - Sif Muna's Reference Book on Combat Magic
   (Sif Muna gifted it to you on level 2 of the Elven Halls)

   Spells                             Type                      Level
   a - Sting                          Conjuration/Poison           1
   b - Magic Dart                     Conjuration                  1
   c - Irradiate                      Conjuration/Transmutation    5
   d - Bolt of Cold                   Conjuration/Ice              6
   e - Orb of Destruction             Conjuration                  7
Miscellaneous
 h - a lamp of fire
 X - a phial of floods
Comestibles
 d - 16 bread rations
 u - 7 meat rations


   Skills:
 + Level 6.7 Fighting
 - Level 10.0 Dodging
 - Level 2.4 Stealth
 * Level 15.9 Spellcasting
 * Level 10.8 Conjurations
 - Level 7.4 Charms
   Level 4.3 Summonings
 + Level 8.4 Translocations
   Level 3.0 Transmutations
 + Level 10.4 Fire Magic
   Level 3.6 Ice Magic
 - Level 3.9 Air Magic
 * Level 10.7 Earth Magic
 - Level 5.0 Poison Magic
 - Level 10.3 Invocations
 + Level 8.9 Evocations


You couldn't memorise any spells.
You knew the following spells:

 Your Spells              Type           Power        Failure   Level  Hunger
a - Magic Dart            Conj           ####         0%          1    None
b - Conjure Flame         Conj/Fire      ######..     1%          3    None
c - Iskenderun's Battles  Conj/Chrm      ######..     1%          5    None
d - Blink                 Tloc           N/A          1%          2    None
e - Mephitic Cloud        Conj/Pois/Air  ######..     1%          3    None
f - Deflect Missiles      Chrm/Air       ######....   21%         6    None
g - Bolt of Magma         Conj/Fire/Erth ######....   1%          5    None
l - Lee's Rapid Deconstr  Erth           #######...   1%          5    None
v - Bolt of Fire          Conj/Fire      ######....   2%          6    None
x - Sticky Flame          Conj/Fire      ######..     1%          4    None
z - Fireball              Conj/Fire      ######....   1%          5    None


Dungeon Overview and Level Annotations

Branches:
Dungeon (11/15)            Temple (1/1) D:4            Lair (8/8) D:10
 Shoals (0/5) Lair:4       Spider (0/5) Lair:3        Slime (0/6) Lair:6
    Orc (4/4) D:9             Elf (2/3) Orc:4

Altars:
Ashenzari
Cheibriados
Dithmenos
Elyvilon
Fedhas
Gozag
Kikubaaqudgha
Makhleb
Nemelex Xobeh
Okawaru
Qazlal
Ru
Sif Muna
Trog
Vehumet
Xom
Yredelemnul
Zin
The Shining One
Beogh
Jiyva

Shops:
Orc:3 =   Orc:4 }%(%

Portals:
Pandemonium: Orc:4
Trove: Elf:1 (give 13 potions of heal wounds)

Annotations:
D:4 faibistes' ghost, average DEWz


Message History

Sif Muna protects you from the effects of your miscast!
The deep elf blademaster burns!
The deep elf blademaster stops burning.
The deep elf blademaster completely misses you. x2
Casting: Bolt of Fire
Confirm with . or Enter, or press ? or * to list all spells.
Aiming: Sticky Flame
Press: ? - help, Shift-Dir - straight line, f/p - deep elf blademaster
Aim: a deep elf blademaster, wielding two short swords and wearing a leather armour (severely wounded)
You feel a numb sensation.
The sticky flame hits the deep elf blademaster.
The deep elf blademaster is severely wounded.
The deep elf blademaster is covered in liquid flames!
The deep elf blademaster burns!
Your battlesphere fires!
The barrage of energy hits the deep elf blademaster.
The deep elf blademaster is almost dead.
The deep elf blademaster hits you with a short sword!!
* * * LOW HITPOINT WARNING * * *
The deep elf blademaster hits you with a short sword!!
You die...

.# ### ##.....# .###.#
######......# ....##
###..##))....## ####.##
###...###.....## #..##
###.....##......#
####...####.)....###')..#..#
.......##..*.....###'...#...#
#####...)...§...§.§('..###.##
##.....##......e@###'...# ..
#.###.#####......###'...# )##
.## ##.# ###.....###..)..##
#.## ### ###...###....)# ##.#
###..##...... #.# ######....
### #.. ## .#


You could see a deep elf blademaster (burning).

Vanquished Creatures
  An orc warlord (Orc:2)
  An ettin (Orc:4)
  Nessos (Elf:1)
  7 hydras
  11 dancing weapons (Elf:2)
  5 death yaks
  10 orc high priests (Orc:4)
  A sun demon (Orc:4)
  Nergalle (Orc:2)
  A soul eater (Orc:4)
  The ghost of faibistes the Thaumaturge, an experienced DEWz of Sif Muna (D:10)
  15 deep elf knights
  A gelid demonspawn (Orc:4)
  A hill giant (D:11)
  3 deep elf summoners
  9 deep elf conjurers
  4 orc knights (Orc:4)
  2 infernal demonspawn (Orc:4)
  An ugly thing (D:9)
  2 griffons
  2 orc sorcerers
  18 elephants
  2 torpor snails
  22 spiny frogs
  2 black mambas
  7 komodo dragons
  A centaur skeleton (D:10)
  2 fire drakes (Lair:4)
  A hellwing (Orc:4)
  A blue devil (Orc:4)
  10 deep elf priests
  A jumping spider (Elf:1)
  27 blink frogs
  A polar bear (Lair:8)
  2 trolls
  A two-headed ogre (Orc:4)
  A giant leech (Lair:8)
  10 basilisks
  37 yaks
  2 wyverns
  20 deep elf magi
  21 deep elf fighters
  A wraith (D:10)
  Eustachio (D:6)
  14 hippogriffs
  2 hungry ghosts
  A golden eye (Lair:6)
  4 wolves
  6 wargs
  A human (D:7)
  9 vampire mosquitoes
  15 water moccasins
  13 porcupines
  4 ice beasts
  42 orc warriors
  9 ogres
  5 phantoms
  A wasp (D:9)
  6 sky beasts
  3 centaurs
  2 boring beetles
  2 necrophages (D:7)
  10 crocodiles
  35 giant frogs
  A big kobold (D:6)
  A wyvern skeleton (D:11)
  3 scorpions
  6 killer bees (D:9)
  A water moccasin skeleton (D:4)
  6 wights
  An electric eel (Lair:8)
  3 crimson imps
  12 hounds
  A jelly (D:7)
  32 orc priests
  A giant frog zombie (D:7)
  Crazy Yiuf (D:2)
  A gnoll shaman (D:6)
  3 giant frog skeletons
  23 orc wizards
  5 worker ants
  2 hell rats (Lair:2)
  Natasha (thrice) (D:6)
  4 iguanas
  20 sheep
  4 hound skeletons
  18 gnolls
  84 river rats
  31 adders
  A shadow imp (D:8)
  12 white imps (Orc:3)
  A giant mite (D:8)
  3 worms (D:2)
  An adder zombie (D:10)
  7 giant geckos
  2 oozes
  187 orcs
  A ball python (D:1)
  2 bat skeletons
  A bat zombie (D:5)
  4 giant cockroaches
  30 goblins
  27 hobgoblins
  9 jackals
  21 bats
  A giant gecko zombie (D:6)
  2 giant newts
  15 kobolds
  18 quokkas
  A quokka skeleton (D:6)
  13 rats
  2 bushes
  3 fungi
  A plant (D:8)
1087 creatures vanquished.

Vanquished Creatures (collateral kills)
  A black mamba (Lair:4)
  An elephant (Lair:4)
  A torpor snail (Lair:3)
  2 spiny frogs (Lair:2)
  4 blink frogs (Lair:5)
  2 porcupines (Lair:3)
  2 water moccasins
  2 giant frogs
  2 worker ants
  An adder (D:2)
  3 river rats (Lair:4)
  2 worms
  A giant gecko (D:2)
  An orc (D:3)
  A ball python (D:2)
  A kobold (D:3)
27 creatures vanquished.

Vanquished Creatures (others)
  3 ice beasts
  2 crimson imps
  2 shadow imps
  30 fungi
  20 plants
57 creatures vanquished.

Grand Total: 1171 creatures vanquished

Notes
Turn   | Place    | Note
--------------------------------------------------------------
     0 | D:1      | faibistes, the Deep Elf Wizard, began the quest for the Orb.
     0 | D:1      | Reached XP level 1. HP: 10/10 MP: 6/6
   375 | D:1      | Reached XP level 2. HP: 15/15 MP: 8/10
   398 | D:1      | Learned a level 2 spell: Blink
   401 | D:1      | Learned a level 2 spell: Call Imp
   884 | D:1      | Reached XP level 3. HP: 19/19 MP: 10/13
   889 | D:1      | Learned a level 3 spell: Conjure Flame
   893 | D:1      | Learned a level 3 spell: Mephitic Cloud
  1287 | D:1      | Reached skill level 5 in Spellcasting
  1980 | D:2      | Reached XP level 4. HP: 24/24 MP: 9/17
  1984 | D:2      | Learned a level 2 spell: Repel Missiles
  2256 | D:2      | Noticed Crazy Yiuf
  2263 | D:2      | Killed Crazy Yiuf
  2783 | D:3      | Found an ancient bone altar of Kikubaaqudgha.
  2847 | D:3      | Reached XP level 5. HP: 28/28 MP: 15/20
  3070 | D:3      | Reached skill level 6 in Spellcasting
  3533 | D:4      | Found a staircase to the Ecumenical Temple.
  3537 | D:4      | Noticed faibistes' ghost (average DEWz)
  3543 | Temple   | Entered the Ecumenical Temple
  3547 | Temple   | Became a worshipper of Sif Muna the Loreminder
  3685 | D:4      | Reached XP level 6. HP: 32/32 MP: 15/22
  3944 | D:5      | Entered Level 5 of the Dungeon
  4043 | D:4      | Reached skill level 1 in Air Magic
  4201 | D:4      | Reached skill level 1 in Fire Magic
  4531 | D:4      | Reached skill level 7 in Spellcasting
  4531 | D:4      | Reached XP level 7. HP: 32/36 MP: 19/25
  4799 | D:4      | Noticed an ogre
  4808 | D:4      | Reached skill level 1 in Poison Magic
  4811 | D:4      | Killed an ogre
  4811 | D:4      | Acquired Sif Muna's first power
  5493 | D:6      | Noticed Natasha
  5526 | D:6      | Reached skill level 5 in Dodging
  5531 | D:6      | Killed Natasha
  5546 | D:6      | Noticed Natasha
  5553 | D:6      | Killed Natasha
  5654 | D:6      | Noticed Natasha
  5654 | D:6      | Killed Natasha
  5660 | D:6      | Found a sparkling altar of Nemelex Xobeh.
  5698 | D:5      | Reached XP level 8. HP: 28/41 MP: 22/27
  5874 | D:5      | Reached skill level 8 in Spellcasting
  5874 | D:5      | Reached skill level 5 in Conjurations
  5947 | D:5      | Found a sacrificial altar of Ru.
  5973 | D:5      | Acquired Sif Muna's second power
  7097 | D:7      | Reached skill level 9 in Spellcasting
  7236 | D:6      | Reached XP level 9. HP: 45/45 MP: 20/29
  7486 | D:6      | Found a glowing silver altar of Zin.
  7533 | D:6      | Noticed Eustachio
  7550 | D:6      | Killed Eustachio
  7550 | D:6      | Reached skill level 1 in Invocations
  7831 | D:7      | Reached skill level 1 in Evocations
  7833 | D:7      | Reached skill level 1 in Charms
  8015 | D:7      | Reached skill level 1 in Fighting
  8171 | D:7      | Found a radiant altar of Vehumet.
  8307 | D:7      | Reached skill level 5 in Fire Magic
  8764 | D:7      | Acquired Sif Muna's third power
  8764 | D:7      | Reached skill level 10 in Spellcasting
  9585 | D:8      | Reached XP level 10. HP: 46/53 MP: 10/31
  9812 | D:8      | Learned a level 2 spell: Shroud of Golubria
  9816 | D:8      | Learned a level 3 spell: Regeneration
  9946 | D:8      | Found a glowing golden altar of the Shining One.
  9953 | D:8      | Found a bloodstained altar of Trog.
  9972 | D:8      | Learned a level 5 spell: Venom Bolt
  9978 | D:8      | Found a shimmering altar of Xom.
 10804 | D:10     | Entered Level 10 of the Dungeon
 10847 | D:10     | Noticed faibistes' ghost (experienced DEWz)
 10857 | D:10     | Killed faibistes' ghost
 11067 | D:9      | Found a white marble altar of Elyvilon.
 11071 | D:9      | Noticed a white ugly thing
 11101 | D:9      | Killed a white ugly thing
 11406 | D:10     | Found a staircase to the Lair.
 11970 | D:10     | Learned a level 3 spell: Passwall
 11973 | D:10     | Learned a level 2 spell: Swiftness
 12272 | D:9      | Reached skill level 1 in Earth Magic
 12519 | D:9      | Found a staircase to the Orcish Mines.
 13287 | D:9      | Reached XP level 11. HP: 59/59 MP: 28/32
 13315 | D:11     | Noticed a hill giant
 13368 | D:10     | Reached skill level 5 in Charms
 13512 | D:11     | Killed a hill giant
 13607 | D:10     | Reached skill level 1 in Transmutations
 13780 | D:10     | Reached skill level 5 in Invocations
 14101 | D:10     | Reached skill level 11 in Spellcasting
 14261 | D:10     | Reached skill level 5 in Poison Magic
 15194 | Lair:1   | Entered Level 1 of the Lair of Beasts
 15213 | Lair:1   | Noticed a four-headed hydra
 15233 | Lair:1   | Killed a four-headed hydra
 15233 | Lair:1   | Received a gift from Sif Muna
 15298 | D:10     | Learned a level 5 spell: Lee's Rapid Deconstruction
 15360 | D:10     | Learned a level 4 spell: Summon Ice Beast
 15885 | Lair:1   | Reached skill level 1 in Ice Magic
 16848 | Lair:3   | Found a hole to the Spider Nest.
 17047 | Lair:2   | Got a brightly glowing trident
 17048 | Lair:2   | Identified the +8 trident "Edwus" {venom, Contam +Fly rPois rF+ MR+ Stlth+} (You found it on level 2 of the Lair of Beasts)
 17283 | Lair:2   | Reached XP level 12. HP: 55/64 MP: 26/34
 17825 | Lair:2   | Reached skill level 12 in Spellcasting
 18593 | Lair:2   | Noticed a seven-headed hydra
 18629 | Lair:2   | Killed a seven-headed hydra
 18923 | Lair:3   | Noticed a death yak
 18932 | Lair:3   | Noticed a death yak
 18937 | Lair:3   | Killed a death yak
 18937 | Lair:3   | Received a gift from Sif Muna
 18937 | Lair:3   | Reached skill level 5 in Translocations
 18943 | Lair:3   | Killed a death yak
 18943 | Lair:3   | Reached skill level 5 in Earth Magic
 18988 | Lair:3   | Identified Sif Muna's Compendium of Flamy Attacks (Sif Muna gifted it to you on level 3 of the Lair of Beasts)
 19321 | Lair:3   | Reached skill level 5 in Evocations
 20073 | Lair:5   | Identified a scroll of acquirement
 20076 | Lair:6   | Found a viscous altar of Jiyva.
 20076 | Lair:6   | Found a staircase to the Slime Pits.
 20117 | Lair:3   | Learned a level 4 spell: Sticky Flame
 20404 | Lair:3   | Found a runed door.
 20764 | Lair:3   | Noticed a seven-headed hydra
 20772 | Lair:3   | Killed a seven-headed hydra
 21429 | Lair:4   | Learned a level 5 spell: Fireball
 21647 | Lair:4   | Reached XP level 13. HP: 44/70 MP: 3/36
 22013 | Lair:4   | Found a staircase to the Shoals.
 22719 | Lair:6   | Reached skill level 13 in Spellcasting
 24020 | Lair:6   | Noticed an eight-headed hydra
 24027 | Lair:6   | Noticed a six-headed hydra
 25226 | Lair:8   | Entered Level 8 of the Lair of Beasts
 25553 | Lair:6   | Killed an eight-headed hydra
 25793 | Lair:6   | Killed a six-headed hydra
 25891 | Lair:6   | Received a gift from Sif Muna
 25892 | Lair:6   | Identified Zaubb's Handbook of Flight and Conjuration (Sif Muna gifted it to you on level 6 of the Lair of Beasts)
 26505 | Lair:2   | Learned a level 6 spell: Bolt of Fire
 26513 | Lair:2   | Learned a level 6 spell: Deflect Missiles
 27283 | Lair:7   | Identified the Papyrus of Protection
 28171 | Lair:8   | Reached XP level 14. HP: 60/76 MP: 4/37
 28345 | Lair:8   | Reached skill level 5 in Fighting
 28952 | Lair:8   | Reached skill level 14 in Spellcasting
 30938 | Lair:8   | Got a flickering copper ring
 30941 | Lair:8   | Identified the ring "Stexiah" {Ice MR+ MP+9 Dex+4} (You found it on level 8 of the Lair of Beasts)
 31198 | Lair:2   | Learned a level 5 spell: Iskenderun's Battlesphere
 31585 | Orc:1    | Entered Level 1 of the Orcish Mines
 31825 | Orc:4    | Entered Level 4 of the Orcish Mines
 32799 | Orc:1    | Reached skill level 10 in Invocations
 32818 | Orc:2    | Noticed Nergalle
 33047 | Orc:2    | Killed Nergalle
 34162 | Orc:3    | Noticed an orc warlord
 34193 | Orc:2    | Killed an orc warlord
 34472 | Orc:3    | Found a roughly hewn altar of Beogh.
 34581 | Orc:4    | Found a burning altar of Makhleb.
 34652 | Orc:3    | Found Fridghau's Jewellery Boutique.
 34670 | Orc:3    | Bought an uncursed amulet of the gourmand for 330 gold pieces
 35021 | Orc:4    | Found a staircase to the Elven Halls.
 35976 | Orc:4    | Found Miruecig's Food Shop.
 36097 | Orc:4    | Found Stras' Food Boutique.
 36341 | Orc:4    | Reached skill level 10 in Dodging
 36684 | Orc:4    | Reached XP level 15. HP: 57/84 MP: 9/39
 37128 | Orc:4    | Found a one-way gate leading to the halls of Pandemonium.
 37131 | Orc:4    | Found Kloammu's Gadget Emporium.
 37229 | Orc:4    | Found Luoneat's Antique Weapon Shoppe.
 37233 | Orc:4    | Reached skill level 15 in Spellcasting
 37317 | Orc:4    | Bought a phial of floods for 600 gold pieces
 37317 | Orc:4    | Bought a wand of teleportation (1) for 225 gold pieces
 37661 | Orc:3    | Bought an uncursed ring of see invisible for 165 gold pieces
 37697 | Elf:1    | Entered Level 1 of the Elven Halls
 37697 | Elf:1    | Noticed Nessos
 37701 | Elf:1    | Killed Nessos
 37701 | Elf:1    | Received a gift from Sif Muna
 37702 | Elf:1    | Identified Sif Muna's Almanac of Combat Magic and Ignition (Sif Muna gifted it to you on level 1 of the Elven Halls)
 37866 | Elf:1    | Reached skill level 10 in Fire Magic
 38893 | Elf:1    | Found a portal to a secret trove of treasure.
 39087 | Elf:1    | Reached skill level 10 in Earth Magic
 39614 | Elf:2    | Found a shimmering altar of Xom.
 40002 | Elf:2    | Reached skill level 10 in Conjurations
 40068 | Elf:2    | Found a huge runed gate.
 40068 | Elf:2    | Found a huge runed gate.
 40069 | Elf:2    | Found a huge runed gate.
 41621 | Lair:2   | Learned a level 5 spell: Bolt of Magma
 41955 | Elf:2    | Received a gift from Sif Muna
 41962 | Elf:2    | Identified Sif Muna's Reference Book on Combat Magic (Sif Muna gifted it to you on level 2 of the Elven Halls)
 42375 | Elf:2    | Noticed a deep elf blademaster
 42385 | Elf:2    | Mangled by a deep elf blademaster

Action                   |  1- 3 |  4- 6 |  7- 9 | 10-12 | 13-15 || total
-------------------------+-------+-------+-------+-------+-------++-------
Melee: Unarmed           |     3 |       |       |       |       ||     3
       Dagger            |     5 |    11 |    60 |   148 |       ||   224
       Trident           |       |       |       |    84 |   194 ||   278
 Cast: Magic Dart        |    84 |   138 |   373 |   531 |   233 ||  1359
       Call Imp          |    11 |     5 |     2 |     1 |       ||    19
       Mephitic Cloud    |     1 |    13 |    35 |    45 |    18 ||   112
       Conjure Flame     |       |     2 |    33 |   153 |    38 ||   226
       Repel Missiles    |       |     1 |     1 |     1 |       ||     3
       Blink             |       |       |     8 |    30 |    22 ||    60
       Venom Bolt        |       |       |       |    57 |    11 ||    68
       Summon Ice Beast  |       |       |       |    30 |       ||    30
       Sticky Flame      |       |       |       |    12 |   152 ||   164
       Lee's Rapid Decon |       |       |       |     5 |   116 ||   121
       Fireball          |       |       |       |     3 |   288 ||   291
       Swiftness         |       |       |       |     1 |       ||     1
       Shroud of Golubri |       |       |       |     1 |       ||     1
       Bolt of Fire      |       |       |       |       |    77 ||    77
       Deflect Missiles  |       |       |       |       |     4 ||     4
       Iskenderun's Batt |       |       |       |       |    50 ||    50
       Bolt of Magma     |       |       |       |       |     1 ||     1
Invok: Channel Energy    |       |       |     7 |    26 |   158 ||   191
       Forget Spell      |       |       |       |     3 |     4 ||     7
Evoke: Wand              |       |       |     3 |     3 |       ||     6
  Use: Scroll            |       |     4 |     5 |    19 |    13 ||    41
       Potion            |       |       |       |     1 |    11 ||    12
 Stab: Sleeping          |       |     1 |     1 |     2 |     1 ||     5
       Confused          |       |     1 |     9 |     8 |     4 ||    22
  Eat: Chunk             |     3 |     8 |    16 |    43 |    98 ||   168
       Fruit             |       |       |       |     4 |     1 ||     5
       Royal jelly       |       |       |       |       |     1 ||     1
